AoeStats
← mario ovalle

Arabia

504135210Analyzed
1v1 RM · 28d ago on Sep 4, 2026· 39m 33s· 2 players
Game mode
Random Map
Map size
Tiny (2 player)
Population
200
Speed
Normal
Resources
Standard
Victory
Conquest
Starting age
Dark Age
Ending age
Imperial Age
RankedLock teamsTeams togetherTeam positionsShared explorationLock speedFull tech treeHidden civsTurbo modeCheats
Victory
Defeat
🇻🇳 Poles · Vietnam
1781
+13
🇨🇴 Muisca · Colombia
1719
-13
mario ovalle
6:24 Loom
9:16 Feudal Age
9:19 Champi Runner
10:10 Double-Bit Axe
14:53 Town Watch
23:29 Castle Age
22:05 Horse Collar
23:31 Crossbowman
24:02 Fletching
24:40 Bodkin Arrow
24:15 Pikeman
26:10 Squires
26:14 Scale Mail Armor
26:25 Forging
25:49 Champi Warrior
28:56 Chain Mail Armor
31:08 Iron Casting
33:00 Wheelbarrow
33:57 Wheelbarrow
Tam nsnd
6:13 Loom
8:52 Feudal Age
9:22 Double-Bit Axe
9:50 Horse Collar
15:53 Fletching
21:02 Castle Age
19:44 Padded Archer Armor
21:24 Bloodlines
21:21 Scale Barding Armor
21:15 Gold Mining
21:57 Bow Saw
23:02 Heavy Plow
24:44 Bodkin Arrow
24:29 Elite Skirmisher
29:00 Wheelbarrow
28:11 Town Watch
29:22 Chain Barding Armor
28:39 Crossbowman
31:25 Szlachta Privileges
31:45 Forging
31:39 Husbandry
34:18 Hand Cart
35:02 Iron Casting
34:41 Stone Mining
34:41 Gold Mining
35:43 Gold Mining
37:13 Thumb Ring
39:33 Ballistics
41:47 Imperial Age
Connection lost

Rejoining the realm…

Still unreachable

The connection could not be restored.

Session expired

The server has moved on; the page needs a fresh start.